 Dungeon Crawl Stone Soup version 0.26-a0-519-gb2f46ef (webtiles) character file.

Game seed: 70083508818369522

35 relicbr the Stinger (level 3, -1/24 HPs)
             Began as a Demonspawn Wanderer on Aug 11, 2020.
             Succumbed to a kobold's poison
             ... on level 2 of the Dungeon.
             The game lasted 00:04:02 (1073 turns).

relicbr the Stinger (Demonspawn Wanderer)           Turns: 1073, Time: 00:04:02

Health: -1/24      AC:  2    Str:  9    XL:     3   Next: 17%
Magic:  0/6        EV: 26    Int: 14    God:
Gold:   0          SH:  0    Dex: 11    Spells: 5/6 levels left

rFire    . . .     SeeInvis .   h - +0 dagger (flame)
rCold    . . .     Faith    .   (no shield)
rNeg     . . .     Spirit   .   e - +0 robe
rPois    .         Reflect  .   (helmet restricted)
rElec    .         Harm     .   (no cloak)
rCorr    .                      (no gloves)
MR       .....                  (no boots)
Stlth    +.........             a - amulet of the acrobat
HPRegen  0.08/turn              c - -4 ring of strength (curse)
MPRegen  0.10/turn              (no ring)

@: lethally poisoned (-1 -> -16), acrobat, very slightly contaminated
A: claws 1, horns 1
a: no special abilities


You were on level 2 of the Dungeon.
You visited 1 branch of the dungeon, and saw 2 of its levels.

Inventory:

Hand Weapons
 d - a +1 short sword of venom
 h - a +0 dagger of flaming (weapon)
Armour
 e - a +0 robe (worn)
Jewellery
 a - an amulet of the acrobat (around neck)
 c - a cursed -4 ring of strength (left claw)
Scrolls
 f - 2 scrolls of fear
 g - a scroll of teleportation
Potions
 b - 2 potions of haste


   Skills:
 - Level 1.0 Stealth
   Level 1.0 Shields
 - Level 2.6 Unarmed Combat
 - Level 2.0 Spellcasting
   Level 1.0 Summonings
 * Level 3.7 Poison Magic


You had 5 spell levels left.
You knew the following spells:

 Your Spells              Type           Power        Failure   Level
a - Sting                 Tmut/Pois      #...         11%         1

Your spell library contained the following spells:

 Spells                   Type           Power        Failure   Level
 Summon Small Mammal      Summ           #...         16%         1
 Spider Form              Tmut/Pois      #.........   32%         3
 Call Canine Familiar     Summ           #.......     43%         3


Dungeon Overview and Level Annotations

Branches:
Dungeon (2/15)

Altars:


Innate Abilities, Weirdness & Mutations

You have sharp fingernails.
You have a pair of small horns on your head.


Message History

You feel sick.
Unknown command.
You hit the kobold but do no damage. The kobold hits you but does no damage.
You are more poisoned.
You hit the kobold. You burn the kobold.
You kill the kobold!
* * * LOW HITPOINT WARNING * * *
You feel sick.
Unknown command.
There is a lethal amount of poison in your body!
Okay, then.
* * * LOW HITPOINT WARNING * * *
You feel sick.
Items here: ) ? †††.
d - a +1 short sword of venom;
g - a scroll of teleportation
* * * LOW HITPOINT WARNING * * *
You feel sick.
* * * LOW HITPOINT WARNING * * *
You feel sick.
You die...

#...)).......#
#.#.########.###
.#####.#.# #.....#
.........######.....#
....................#
.####.###.#####.....#
.<. #.†(........#
>.#.###.#####.#.#.#
....#...@.# #...#.#
... ##..########..#.#
.. #†( .........#.#
.... ######.##.#
.###. #.##.# .≈ ≈≈
#....# ≈ ≈≈ ###..# ≈≈
#..# #..#


There were no monsters in sight!

Vanquished Creatures
  An adder (D:2)
  2 ball pythons (D:1)
  A giant cockroach (D:2)
  A goblin (D:1)
  4 hobgoblins
  8 kobolds
  3 bats
  A frilled lizard (D:1)
  6 rats
27 creatures vanquished.

Notes
Turn   | Place    | Note
-------+----------+-------------------------------------------
     0 | D:1      | relicbr the Demonspawn Wanderer began the quest for the
                  | Orb.
     0 | D:1      | relicbr set off with the following items: a +0 club, a
                  | potion of haste, a +0 robe, a scroll of fear; and the
                  | following spells available to memorise: Sting, Summon Small
                  | Mammal, Call Canine Familiar, Spider Form
     0 | D:1      | Reached XP level 1. HP: 13/13 MP: 3/3
     2 | D:1      | Learned a level 1 spell: Sting
   260 | D:1      | Gained mutation: You have sharp fingernails. [demonic
                  | ancestry]
   260 | D:1      | Reached XP level 2. HP: 19/19 MP: 0/5
   359 | D:1      | Reached skill level 3 in Poison Magic
  1065 | D:2      | Gained mutation: You have a pair of small horns on your
                  | head. [demonic ancestry]
  1065 | D:2      | Reached XP level 3. HP: 7/24 MP: 0/6
  1072 | D:2      | HP: 1/24 [poisoned by a kobold]
  1073 | D:2      | Succumbed to a kobold's poison

Illustrated notes

Levels and vault maps discovered:
D:1:      minmay_arrival_plants_in_alcoves, layout_basic, lemuel_old_faithful
D:2:      layout_loops_ring, serial_rivers, chequers_serial_rivers_micro_c,
          chequers_serial_rivers_large_a, chequers_serial_rivers_micro_a,
          chequers_serial_rivers_room_b, corner_web_ring

Skill      XL: |  1  2 |
---------------+-------+-----
Poison Magic   | 3 |  3.7
Stealth        | |  1.0
Shields        | |  1.0
Unarmed Combat | |  2.6
Spellcasting   | |  2.0
Summonings     | |  1.0

Action                   || total
-------------------------++-------
Melee: Club              ||    12
       Short sword       ||    29
       Dagger            ||    10
       Headbutt          ||     1
 Cast: Sting             ||    31
  Use: Scroll            ||     3
       Potion            ||     1
 Stab: Sleeping          ||     1
Armor: Robe              ||    13
Dodge: Dodged            ||    34

Table legend: (Time is in decaauts)
 A = Elapsed time spent in this place.
 B = Non-inter-level travel time spent in this place.
 C = Inter-level travel time spent in this place.
 D = Time resting spent in this place.
 E = Time spent auto-exploring this place.
 F = Levels seen in this place.
 G = Mean time per level.
                   A        B        C        D        E       F      G
               +--------+--------+--------+--------+--------+-----+--------+
         Total |   1077 |   1036 |     41 |    385 |    461 |   2 |  538.5 |
       Dungeon |   1077 |   1036 |     41 |    385 |    461 |   2 |  538.5 |
               +--------+--------+--------+--------+--------+-----+--------+

Top non-repeatable levels by time:
     D:1: 741 daAuts
     D:2: 335 daAuts
